 Dungeon Crawl Stone Soup version 0.21-a0-531-gacddea6 (webtiles) character file.

101840 kae the Brawler (level 15, -14/153 HPs)
             Began as a Troll Monk on Dec 12, 2017.
             Was the Champion of Wu Jian.
             Demolished by a naga warrior
             ... wielding a +0 long sword
              (24 damage)
             ... on level 1 of the Snake Pit.
             The game lasted 00:36:43 (24242 turns).

kae the Brawler (Troll Monk)                       Turns: 24242, Time: 00:36:45

Health: -14/153    AC: 10    Str: 23    XL:     15   Next: 84%
Magic:  0/19       EV: 14    Int:  9    God:    Wu Jian [******]
Gold:   1340       SH: 13    Dex: 16    Spells: 14/14 levels left

rFire    + + .     SeeInvis .     - Unarmed
rCold    + + .     Gourm    +   K - +2 shield {rF+}
rNeg     . . .     Faith    .   n - +0 troll leather armour
rPois    +         Spirit   +   e - +1 hat {MR+}
rElec    .         Reflect  .   y - scarf {rC+ rF+}
rCorr    +         Harm     .   (gloves unavailable)
MR       ++...                  (boots unavailable)
Stlth    +++.......             l - amulet of guardian spirit
HPRegen  1.15/turn              o - ring of resist corrosion
MPRegen  0.16/turn              M - ring of Ycwugeze {rPois rC+ Stlth+}

@: very slightly contaminated, constricted
A: large, unfitting armour, claws 3, yellow scales 1, clever 1, fast metabolism
3, gourmand, regeneration 1, shaggy fur 1, tough skin 2
a: Serpent's Lash, Heavenly Storm, Renounce Religion


You were on level 1 of the Snake Pit.
You worshipped Wu Jian.
Wu Jian was exalted by your worship.
You were hungry.

You visited 4 branches of the dungeon, and saw 23 of its levels.
You also visited: Ossuary and Volcano.

You collected 2243 gold pieces.
You spent 903 gold pieces at shops.

Inventory:

Hand Weapons
 I - a +4 great mace of flaming
Armour
 e - a +1 hat of magic resistance (worn)
 n - a +0 troll leather armour (worn)
 y - a scarf of resistance (worn)
 K - a +2 shield of fire resistance (worn)
Jewellery
 l - an amulet of guardian spirit (around neck)
 o - a ring of resist corrosion (left claw)
 s - an uncursed amulet of faith
 v - an uncursed ring of protection from cold
 M - the ring of Ycwugeze (right claw) {rPois rC+ Stlth+}
   (You bought it in a shop on level 2 of the Orcish Mines)

   [ring of stealth]

   It protects you from cold.
   It protects you from poison.
   It makes you more stealthy.
 O - a cursed ring of teleportation
 Q - an uncursed ring of protection from cold
Wands
 B - a wand of polymorph (52)
 E - a wand of disintegration (13)
 F - a wand of paralysis (21)
 G - a wand of flame (60)
 J - a wand of iceblast (15)
 L - a wand of enslavement (15)
Scrolls
 h - 17 scrolls of remove curse
 j - 5 scrolls of amnesia
 r - 9 scrolls of teleportation
 u - a scroll of fog
 w - 10 scrolls of identify
 D - a scroll of blinking
 H - 4 scrolls of enchant armour
Potions
 c - 4 potions of flight
 d - 11 potions of curing
 i - 2 potions of mutation
 m - 5 potions of lignification
 p - 3 potions of agility
 q - 9 potions of berserk rage
 x - 4 potions of heal wounds
 z - 3 potions of might
 A - 5 potions of brilliance
 C - a potion of magic
 N - 6 potions of haste
Books
 a - a book of Geomancy

   Spells                             Type                      Level
   a - Sandblast                      Earth                        1
   b - Passwall                       Transmutation/Earth          2
   c - Stone Arrow                    Conjuration/Earth            3
   d - Petrify                        Transmutation/Earth          4
   e - Lee's Rapid Deconstruction     Earth                        5
 f - a Fen Folio

   Spells                             Type                      Level
   a - Corpse Rot                     Necromancy                   2
   b - Stone Arrow                    Conjuration/Earth            3
   c - Leda's Liquefaction            Hexes/Earth                  4
   d - Summon Forest                  Summoning/Translocation      5
   e - Hydra Form                     Transmutation                6
   f - Summon Hydra                   Summoning                    7
 P - a book of Beasts

   Spells                             Type                      Level
   a - Summon Butterflies             Summoning                    1
   b - Call Canine Familiar           Summoning                    3
   c - Summon Ice Beast               Ice/Summoning                4
   d - Summon Mana Viper              Hexes/Summoning              5
   e - Summon Hydra                   Summoning                    7
Comestibles
 b - 15 bread rations
 g - 28 meat rations
 k - 12 royal jellies
 t - 18 fruits


   Skills:
 + Level 11.1 Fighting
 + Level 11.1 Dodging
 - Level 1.0 Stealth
 + Level 8.0 Shields
 * Level 17.3 Unarmed Combat
 + Level 7.9 Evocations


You had 14 spell levels left.
You didn't know any spells.

Dungeon Overview and Level Annotations

Branches:
Dungeon (13/15)            Temple (0/1) D:7            Lair (6/6) D:8
 Shoals (0/4) Lair:3        Snake (2/4) Lair:2        Slime (0/5) Lair:6
    Orc (2/2) D:10            Elf (0/3) Orc:2        Vaults (0/5) D:13

Altars:
Ashenzari
Dithmenos
Fedhas
Kikubaaqudgha
Nemelex Xobeh
Okawaru
Qazlal
Sif Muna
Vehumet
Wu Jian
The Shining One
Beogh
Jiyva

Shops:
D:6 [   D:8 *   Orc:1 !   Orc:2 =(!%

Annotations:
Lair:1 exclusion: 2 oklob plants
Lair:2 exclusion: hydra
Lair:3 exclusion: oklob plant


Innate Abilities, Weirdness & Mutations

You are too large for most types of armour.
You have claws for hands.
Your metabolism is lightning-fast.
You like to eat raw meat.
Your natural rate of healing is unusually fast.
You are covered in fur. (AC +1)
You have very tough skin. (AC +2)
You are partially covered in yellow scales. (AC +2)
Your mind is acute. (Int +2)


Message History

You climb upwards.
There is a stone staircase leading down here.
You spin and attack the naga warrior.
You mangle the naga warrior!!
The naga warrior is severely wounded.
The naga warrior spits poison at you. You block the splash of poison.
You spin and attack the naga warrior repeatedly.
You barely miss the naga warrior.
The naga warrior is severely wounded.
You mangle the naga warrior!!
The naga warrior is almost dead.
The naga warrior hits you with a long sword.
* * * LOW HITPOINT WARNING * * *
The naga warrior grabs you.
* * * LOW HITPOINT WARNING * * *
The naga warrior constricts you.
You completely miss the naga warrior.
The naga warrior is almost dead.
The naga warrior hits you with a long sword!!
You die...

#.....# ######....####
########...#.#######...###.......
..........)......................
..#####.#....#######..........###
..###...#....####.......###...# #
......###.........#...#####...###
...#### #######>......# #......)
#.....# #..N...######.....#(
#.>...# #)#@...##...#.......
......# #.#....##...#......#
####.#########.##................
#...........######..####......
##.......#..........##....##..
##........#######..##.####...
#......##...# ##.......#...
####........# ##..##.......
#...†.....# ##........#...


You could see a naga warrior (pinned).

Vanquished Creatures
  Gastronok (Orc:1)
  An orc warlord (Orc:2)
  4 hydras
  3 vault guards (D:13)
  2 naga warriors (Snake:2)
  The ghost of kal9871 the Carver, a journeyman DsFi of Okawaru (D:11)
  An anaconda (Snake:1)
  A death knight (D:13)
  17 two-headed ogres
  5 naga sharpshooters (Snake:1)
  3 ogre magi
  4 orc high priests (Orc:2)
  Sonja (Orc:2)
  A deep elf knight (D:13)
  4 shock serpents
  A hell knight (Volcano)
  A skeletal warrior (D:13)
  2 naga ritualists (Snake:2)
  2 wizards (D:13)
  5 orc knights
  2 phantasmal warriors (D:13)
  A necromancer (D:13)
  5 mana vipers
  A deep elf mage (D:12)
  4 cyclopes
  An oklob plant (D:11)
  3 manticores
  4 orc sorcerers (Orc:2)
  2 merfolk sirens (Lair:3)
  4 salamanders
  11 black mambas
  3 guardian serpents
  2 torpor snails
  2 gargoyles
  5 naga magi
  9 spiny frogs
  2 centaur skeletons
  A freezing wraith (D:13)
  5 komodo dragons
  A kobold demonologist (D:11)
  2 rime drakes
  3 trolls
  2 merfolk (Lair:3)
  11 polar bears (Lair:6)
  A raiju (Lair:6)
  8 blink frogs
  8 hippogriffs
  A vampire (D:12)
  A wyvern (Lair:4)
  A wraith (D:13)
  57 yaks
  A basilisk (Lair:6)
  16 humans (D:13)
  The ghost of p0werm0de the Conjurer, an amateur DsFE (D:5)
  13 wargs
  11 nagas
  16 water moccasins
  5 porcupines
  16 hell hounds
  2 eyes of draining
  41 orc warriors
  14 black bears
  2 phantoms
  6 ice beasts
  6 sky beasts
  22 ogres
  6 centaurs
  18 wolves
  4 boggarts (Lair:6)
  11 crocodiles
  A big kobold (D:8)
  2 elf zombies (Ossuary)
  10 bullfrogs
  A wyvern skeleton (D:12)
  5 scorpions
  A water moccasin skeleton (D:8)
  12 killer bees
  14 wights
  3 howler monkeys
  8 crimson imps
  2 bullfrog zombies
  2 quasits
  A centaur zombie (D:12)
  2 human zombies (Ossuary)
  4 jellies
  25 orc wizards
  25 orc priests
  3 hounds
  2 bullfrog skeletons
  3 iguanas
  13 worker ants
  A hound zombie (Ossuary)
  3 hound skeletons
  3 mummies (Ossuary)
  11 adders
  7 gnolls
  2 shadow imps
  An ooze (D:4)
  An adder skeleton (D:9)
  6 adder zombies
  A worm (D:2)
  2 dart slugs
  3 leopard geckos
  129 orcs
  2 ball pythons
  2 giant cockroaches
  A gnoll zombie (Ossuary)
  14 goblins
  4 hobgoblins
  7 jackals
  10 kobolds
  4 quokkas
  4 bats
  2 frilled lizards (D:3)
  4 goblin zombies (Ossuary)
  7 hobgoblin zombies (Ossuary)
  A jackal skeleton (D:6)
  8 jackal zombies (Ossuary)
  An orc zombie (Ossuary)
  3 quokka zombies (Ossuary)
  7 rats
  3 rat zombies
  2 plants (Lair:6)
829 creatures vanquished.

Vanquished Creatures (others)
  A bullfrog skeleton (D:8)
  4 fungi
  11 plants
16 creatures vanquished.

Grand Total: 845 creatures vanquished

Notes
Turn   | Place    | Note
-------+----------+-------------------------------------------
     0 | D:1      | kae the Troll Monk began the quest for the Orb.
     0 | D:1      | Reached XP level 1. HP: 22/22 MP: 0/0
    79 | D:1      | Reached XP level 2. HP: 27/29 MP: 1/1
   510 | D:1      | Reached XP level 3. HP: 32/36 MP: 2/2
   743 | D:2      | Reached skill level 4 in Unarmed Combat
   748 | D:2      | Reached XP level 4. HP: 35/44 MP: 3/3
   845 | D:2      | Found a stormy altar of Qazlal.
   846 | D:2      | Found a glowing golden altar of the Shining One.
   848 | D:2      | Found a shattered altar of Ashenzari.
   855 | D:2      | Found an ancient bone altar of Kikubaaqudgha.
   855 | D:2      | Found an iron altar of Okawaru.
   855 | D:2      | Found an ornate altar of the Wu Jian Council.
   855 | D:2      | Found a sparkling altar of Nemelex Xobeh.
   856 | D:2      | Found a shadowy altar of Dithmenos.
   859 | D:2      | Found a deep blue altar of Sif Muna.
   860 | D:2      | Found a radiant altar of Vehumet.
   865 | D:2      | Became a worshipper of the Wu Jian Council
   865 | D:2      | Reached * piety under Wu Jian
   865 | D:2      | Reached ** piety under Wu Jian
  1285 | D:3      | Found a faded altar of an unknown god.
  1959 | D:4      | Reached XP level 5. HP: 53/53 MP: 4/4
  2038 | D:4      | Reached skill level 5 in Unarmed Combat
  2112 | D:4      | Reached XP level 6. HP: 57/61 MP: 5/5
  2335 | D:4      | Reached skill level 6 in Unarmed Combat
  2360 | D:4      | Reached XP level 7. HP: 68/68 MP: 6/6
  2368 | D:4      | Reached *** piety under Wu Jian
  2741 | D:5      | Entered Level 5 of the Dungeon
  2912 | D:5      | Found a sand-covered staircase.
  2935 | Ossuary  | Entered an ossuary
  3094 | Ossuary  | Reached skill level 7 in Unarmed Combat
  3227 | Ossuary  | Reached **** piety under Wu Jian
  3282 | D:5      | Reached XP level 8. HP: 78/79 MP: 7/7
  3416 | D:5      | Noticed p0werm0de's ghost (amateur DsFE)
  3426 | D:5      | Killed p0werm0de's ghost
  3564 | D:5      | Reached skill level 5 in Fighting
  3564 | D:5      | Reached skill level 5 in Dodging
  3564 | D:5      | Reached skill level 8 in Unarmed Combat
  4171 | D:6      | Found Ziskex's Antique Armour Shoppe.
  4215 | D:6      | Reached XP level 9. HP: 85/88 MP: 8/8
  4508 | D:7      | Reached skill level 9 in Unarmed Combat
  4788 | D:7      | Reached ***** piety under Wu Jian
  4897 | D:7      | Found a glowing golden altar of the Shining One.
  5105 | D:7      | Found a staircase to the Ecumenical Temple.
  5615 | D:8      | Found a blossoming altar of Fedhas.
  5665 | D:8      | Reached skill level 10 in Unarmed Combat
  6043 | D:8      | Found Pessiriw's Assorted Antiques.
  6048 | D:8      | Bought a scroll labeled RURORCH BYNIU for 29 gold pieces
  6048 | D:8      | Bought a runed scarf for 232 gold pieces
  6092 | D:8      | Reached XP level 10. HP: 64/100 MP: 6/9
  6303 | D:8      | Found a staircase to the Lair.
  7109 | D:9      | Reached skill level 11 in Unarmed Combat
  7899 | Lair:1   | Entered Level 1 of the Lair of Beasts
  8092 | Lair:1   | Noticed an oklob plant
  8370 | Lair:1   | Reached skill level 1 in Evocations
  8381 | Lair:1   | HP: 2/102 [yak (14)]
  8572 | Lair:1   | Noticed an oklob plant
  8733 | Lair:1   | Noticed an eight-headed hydra
  8738 | Lair:1   | Killed an eight-headed hydra
  8738 | Lair:1   | Reached skill level 12 in Unarmed Combat
  8738 | Lair:1   | Reached XP level 11. HP: 109/109 MP: 11/11
  9149 | Lair:2   | Found a staircase to the Snake Pit.
 10375 | Lair:2   | Noticed a six-headed hydra
 10721 | Lair:3   | Noticed an oklob plant
 10832 | Lair:3   | Reached skill level 13 in Unarmed Combat
 10838 | Lair:3   | Reached skill level 1 in Shields
 11034 | Lair:3   | Found a staircase to the Shoals.
 11513 | Lair:4   | Reached XP level 12. HP: 102/122 MP: 10/13
 11751 | Lair:4   | Found a dark tunnel.
 11774 | Volcano  | Entered a volcano
 11892 | Volcano  | Noticed a two-headed ogre
 11899 | Volcano  | Killed a two-headed ogre
 11928 | Volcano  | Noticed an ogre mage
 11928 | Volcano  | Noticed a two-headed ogre
 11938 | Volcano  | Killed an ogre mage
 11939 | Volcano  | Noticed a two-headed ogre
 11945 | Volcano  | Killed a two-headed ogre
 11948 | Volcano  | Killed a two-headed ogre
 12066 | Volcano  | Noticed a two-headed ogre
 12077 | Volcano  | Killed a two-headed ogre
 13391 | Lair:5   | Reached skill level 14 in Unarmed Combat
 14004 | Lair:6   | Entered Level 6 of the Lair of Beasts
 14008 | Lair:6   | Noticed a seven-headed hydra
 14150 | Lair:6   | Killed a seven-headed hydra
 14158 | Lair:6   | Noticed a seven-headed hydra
 14168 | Lair:6   | Killed a ten-headed hydra
 14454 | Lair:6   | Got a glittering zirconium amulet
 14561 | Lair:6   | Reached skill level 5 in Evocations
 14637 | Lair:6   | Reached ****** piety under Wu Jian
 14670 | Lair:6   | Reached XP level 13. HP: 122/131 MP: 11/15
 15396 | Lair:6   | Found a viscous altar of Jiyva.
 15396 | Lair:6   | Found a staircase to the Slime Pits.
 16027 | Lair:6   | Identified the amulet of Vorgh {Faith +Inv rF+} (You found it on level 6 of the Lair of Beasts)
 16149 | Lair:1   | Gained mutation: You expend magic power (3 MP) to strengthen your wands. [potion of mutation]
 16149 | Lair:1   | Gained mutation: Your magical capacity is low. (-10% MP) [potion of mutation]
 16149 | Lair:1   | Gained mutation: You are resistant to hostile enchantments. (MR+) [potion of mutation]
 16150 | Lair:1   | Lost mutation: You are resistant to hostile enchantments. (MR+) [potion of mutation]
 16150 | Lair:1   | Lost mutation: Your magical capacity is low. (-10% MP) [potion of mutation]
 16150 | Lair:1   | Lost mutation: You expend magic power (3 MP) to strengthen your wands. [potion of mutation]
 16150 | Lair:1   | Gained mutation: Your mind is acute. (Int +2) [potion of mutation]
 16150 | Lair:1   | Gained mutation: Your mind is very acute. (Int +4) [potion of mutation]
 16150 | Lair:1   | Gained mutation: You are partially covered in yellow scales. (AC +2) [potion of mutation]
 16252 | D:10     | Entered Level 10 of the Dungeon
 16259 | D:10     | Reached skill level 5 in Shields
 16376 | D:10     | Reached skill level 15 in Unarmed Combat
 16471 | D:10     | Found a staircase to the Orcish Mines.
 17216 | D:11     | Found a radiant altar of Vehumet.
 17295 | D:11     | Noticed kal9871's ghost (journeyman DsFi)
 17423 | D:11     | Killed kal9871's ghost
 17645 | D:11     | Reached XP level 14. HP: 75/141 MP: 10/17
 18029 | Orc:1    | Entered Level 1 of the Orcish Mines
 18141 | Orc:1    | Noticed Gastronok
 18161 | Orc:1    | Killed Gastronok
 18161 | Orc:1    | Reached skill level 10 in Fighting
 18388 | Orc:1    | Reached skill level 10 in Dodging
 18419 | Orc:1    | Found Xahets's Distillery.
 18495 | Orc:2    | Entered Level 2 of the Orcish Mines
 18498 | Orc:2    | Noticed Sonja
 18508 | Orc:2    | Killed Sonja
 19229 | Orc:2    | Lost mutation: Your mind is very acute. (Int +4) [a neqoxec]
 19403 | Orc:2    | Found a staircase to the Elven Halls.
 19673 | Orc:2    | Found a roughly hewn altar of Beogh.
 19904 | Orc:2    | Found Potism's Distillery.
 19920 | Orc:2    | Found Githafoi's Food Boutique.
 20118 | Orc:2    | Reached skill level 16 in Unarmed Combat
 20133 | Orc:2    | Noticed an orc warlord
 20176 | Orc:2    | Killed an orc warlord
 20192 | Orc:2    | Found Faranoi's Jewellery Shop.
 20313 | Orc:2    | Found a roughly hewn altar of Beogh.
 20337 | Orc:2    | Found Ebrighot's Antique Weapon Shoppe.
 21455 | D:13     | Reached XP level 15. HP: 151/152 MP: 19/19
 22301 | D:13     | Found a gate to the Vaults.
 22520 | Orc:2    | Bought the ring of Ycwugeze {rPois rC+ Stlth+} for 642 gold pieces
 22696 | Snake:1  | Entered Level 1 of the Snake Pit
 23387 | Snake:1  | Reached skill level 17 in Unarmed Combat
 24214 | Snake:2  | Noticed a nagaraja
 24225 | Snake:2  | HP: 4/153 [something (6)]
 24242 | Snake:1  | Demolished by a naga warrior

Vault maps used:
D:1:      dpeg_arrival_pits
D:2:      minitemple, first_bread, kennysheep_decorative_pillar
D:3:      chequers_ecumenical_altar_lobes
D:4:      minmay_misc_feat_pillars, minmay_misc_feat_x, minmay_ogre_servants
D:5:      enter_ossuary_3, hangedman_decor_growths
D:6:      serial_shops, shop, columned_hall_lemuel
D:7:      lemuel_temple_firewalk_b, basic_altar
D:8:      fedhas_altar_4, minmay_lair_entry_lava, serial_shops,
          nicolae_shop_crystal, grunt_ogre_cave
D:10:     orc_0_dummy
D:11:     eino_small_chamber_without_monster, lemuel_oklob_altar
D:12:     grunt_decor_resistance
D:13:     grunt_vaults_entry_tiered, spider_trap
Lair:1:   grunt_megastairs_2, minmay_lair_oklob_chamber
Lair:2:   minmay_snake_entry_spellcaster, beast_lair_carwin_1
Lair:3:   elwin_shoals_entry_stream, minmay_lair_oklob_bushes,
          lemuel_fruit_fields
Lair:4:   nicolae_volcano_entry_two_sided
Lair:6:   hangedman_lair_caniforms_friends, slime_altar_1,
          kilobyte_rumbling_trees
Snake:2:  st_stairs_13, uniq_vashnia
Orc:1:    serial_shops, shop, uniq_gastronok
Orc:2:    pubby_orc_utopia, serial_shops, uniq_sonja
Ossuary:  minmay_ossuary_two_tombs
Volcano:  volcano_pools

Skill      XL: |  1  2  3  4  5  6  7  8  9 10 11 12 13 14 15 |
---------------+----------------------------------------------+-----
Unarmed Combat | 4 5 6 7 8 10 12 13 14 15 16 17 | 17.3
Dodging        | 3 4 5 6 7 8 9 10 11 | 11.1
Fighting       | 3 4 5 6 7 8 9 10 11 | 11.1
Evocations     | 1 3 5 6 7 |  7.9
Shields        | 1 3 5 7 8 |  8.0
Stealth        | |  1.0

Action                   |  1- 3 |  4- 6 |  7- 9 | 10-12 | 13-15 || total
-------------------------+-------+-------+-------+-------+-------++-------
Melee: Unarmed           |    80 |   138 |   438 |   627 |  1701 ||  2984
       Punch             |       |     3 |    15 |    14 |       ||    32
Invok: Serpent's Lash    |       |       |       |     3 |     3 ||     6
Evoke: Wand              |       |       |       |    14 |     3 ||    17
  Use: Scroll            |     6 |     2 |    10 |     9 |     8 ||    35
       Potion            |       |     2 |       |     2 |     3 ||     7
 Stab: Sleeping          |     1 |     6 |     1 |     3 |    12 ||    23
       Distracted        |       |     1 |     1 |     1 |     3 ||     6
  Eat: Chunk             |    10 |    17 |    35 |    79 |    80 ||   221
Armor: Robe              |    32 |    31 |   100 |    40 |    65 ||   268
       Troll leather arm |       |       |       |       |    93 ||    93
Dodge: Dodged            |    34 |    62 |   222 |   225 |   462 ||  1005
Block: Shield            |       |       |       |   108 |   636 ||   744

Table legend:
 A = Spawn XP
 B = Non-spawn XP
 C = Spawn XP percentage of total XP
 D = Spawn monster count
 E = Non-spawn monster count
 F = Spawn count percentage of total count
 G = Total turns spent on level
                    A         B        C        D         E        F      G
               +---------+---------+-------+---------+---------+-------+---------
         Total |       0 |  145487 |   0.0 |       0 |     827 |   0.0 | 24242
               +---------+---------+-------+---------+---------+-------+---------
           D:1 |       0 |      41 |   0.0 |       0 |      23 |   0.0 |   530
           D:2 |       0 |      74 |   0.0 |       0 |      12 |   0.0 |   690
           D:3 |       0 |      61 |   0.0 |       0 |      18 |   0.0 |   723
           D:4 |       0 |     702 |   0.0 |       0 |      31 |   0.0 |   798
           D:5 |       0 |     957 |   0.0 |       0 |      20 |   0.0 |   646
           D:6 |       0 |     770 |   0.0 |       0 |      23 |   0.0 |   826
           D:7 |       0 |     927 |   0.0 |       0 |      21 |   0.0 |  1063
           D:8 |       0 |    2080 |   0.0 |       0 |      38 |   0.0 |  1322
           D:9 |       0 |    1484 |   0.0 |       0 |      22 |   0.0 |  1077
          D:10 |       0 |    6928 |   0.0 |       0 |      36 |   0.0 |   848
          D:11 |       0 |    9427 |   0.0 |       0 |      53 |   0.0 |  1058
          D:12 |       0 |   11916 |   0.0 |       0 |      38 |   0.0 |   790
          D:13 |       0 |   16519 |   0.0 |       0 |      59 |   0.0 |   964
        Lair:1 |       0 |    4407 |   0.0 |       0 |      19 |   0.0 |  1287
        Lair:2 |       0 |    5616 |   0.0 |       0 |      24 |   0.0 |  1450
        Lair:3 |       0 |    3154 |   0.0 |       0 |      12 |   0.0 |   864
        Lair:4 |       0 |    4292 |   0.0 |       0 |      17 |   0.0 |  1004
        Lair:5 |       0 |    2439 |   0.0 |       0 |      12 |   0.0 |  1221
        Lair:6 |       0 |   16795 |   0.0 |       0 |      79 |   0.0 |  2055
       Snake:1 |       0 |   14005 |   0.0 |       0 |      30 |   0.0 |  1057
       Snake:2 |       0 |   12560 |   0.0 |       0 |      22 |   0.0 |   489
         Orc:1 |       0 |    5129 |   0.0 |       0 |      33 |   0.0 |   541
         Orc:2 |       0 |   19602 |   0.0 |       0 |     143 |   0.0 |  2162
       Ossuary |       0 |     390 |   0.0 |       0 |      36 |   0.0 |   314
       Volcano |       0 |    5212 |   0.0 |       0 |       6 |   0.0 |   463
               +---------+---------+-------+---------+---------+-------+---------
